Map: Proxima Station LE

Players

Musumeci - Winner!

  • Race: Zerg Zerg
  • League: Diamond
  • Spawn Location: 1:00

AmneSiac

  • Race: Zerg Zerg
  • League: Diamond
  • Spawn Location: 7:00

VOD

Have the link to the VOD?

Description

Time

  • Played on: March 24, 2017, 8:23 a.m.
  • Length: 7:06
Show
View Real Time Build Order
Export as new Build Order

Musumeci Zerg - Winner!

Build Orders: Hatch First, Zergling Baneling 

Get SALT Encoding   

  12  0:02  Drone  
  13  0:12  Overlord  
  13  0:17  Drone  
  14  0:26  Drone, Extractor  
  15  0:32  Drone  
  15  0:34  Drone  
  17  0:55  Hatchery  
  16  0:59  Drone  
  16  1:00  Extractor  
  16  1:03  Drone  
  17  1:09  Drone  
  18  1:24  Spawning Pool  
  18  1:25  Drone  
  18  1:32  Drone  
  19  1:39  Drone  
  20  1:49  Overlord  
  20  2:10  Metabolic Boost  
  20  2:11  Queen x2  
  20  2:13  Zergling x2  
  25  2:21  Drone x2  
  25  2:22  Drone  
  28  2:24  Drone  
  28  2:29  Drone  
  30  2:35  Baneling Nest  
  29  2:38  Drone  
  29  2:40  Drone  
  29  2:43  Drone  
  32  2:51  Queen  
  34  3:01  Zergling x4  
  36  3:07  Overlord  
  36  3:08  Overlord  
  35  3:34  Zergling x14  
  36  3:36  Baneling  
  36  3:37  Baneling  
  36  3:38  Drone  
  43  3:42  Drone  
  43  3:45  Drone  
  45  3:52  Baneling x3  
  45  3:53  Baneling  
  45  3:59  Hatchery  
  43  4:16  Zergling x2  
  40  4:17  Zergling x18  
  45  4:33  Drone  
  45  4:34  Drone  
  47  4:42  Baneling  
  47  4:48  Roach Warren  
  47  4:49  Extractor  
  45  4:57  Baneling x2  
  44  5:09  Baneling x2  
  40  5:36  Roach x8  
  40  5:39  Overlord x6  
  56  5:43  Drone  
  56  5:45  Extractor  
  56  5:59  Drone x4  
  60  6:06  Baneling  
  60  6:31  Roach  
  60  6:32  Roach x13  
  93  7:00  Ravager  
Show
View Real Time Build Order
Export as new Build Order

AmneSiac Zerg 

Build Orders: Hatch First 

Get SALT Encoding   

  12  0:00  Drone  
  13  0:13  Overlord  
  13  0:18  Drone  
  14  0:31  Drone  
  14  0:32  Drone  
  14  0:35  Drone  
  17  0:55  Hatchery  
  17  0:56  Drone  
  17  0:59  Drone  
  17  1:03  Extractor  
  17  1:07  Drone  
  18  1:20  Spawning Pool  
  18  1:22  Drone  
  18  1:28  Drone  
  19  1:39  Overlord  
  19  1:53  Drone  
  20  2:07  Queen x2, Zergling x2  
  25  2:09  Metabolic Boost  
  25  2:11  Drone  
  25  2:14  Drone  
  27  2:21  Drone  
  28  2:30  Drone x2  
  30  2:37  Baneling Nest  
  30  2:39  Drone x2  
  31  2:44  Overlord  
  31  2:55  Zergling x4  
  33  3:01  Overlord  
  33  3:18  Zergling x4  
  33  3:19  Hatchery, Zergling x6  
  36  3:34  Zergling x8  
  36  3:35  Zergling x2  
  36  3:38  Queen  
  43  3:52  Zergling x2  
  43  3:53  Zergling x10  
  49  3:56  Baneling x2  
  49  4:07  Zergling x2  
  49  4:08  Zergling x4  
  48  4:15  Zergling x6  
  46  4:23  Zergling x2  
  44  4:28  Extractor  
  44  4:29  Drone, Evolution Chamber  
  43  4:32  Roach Warren  
  43  4:36  Zergling x6  
  43  4:48  Zergling x6  
  43  4:49  Zergling x4  
  43  4:52  Baneling  
  47  4:53  Baneling x2  
  47  5:02  Zerg Missile Weapons Level 1  
  45  5:08  Zergling x6  
  45  5:09  Baneling  
  43  5:23  Zergling x8  
  43  5:25  Zergling x2  
  38  5:30  Roach  
  38  5:33  Zergling x2  
  40  5:41  Baneling x2  
  40  5:43  Baneling x4  
  40  5:47  Drone  
  41  5:54  Drone x2  
  41  5:55  Drone  
  44  5:58  Drone  
  44  5:59  Drone  
  45  6:16  Zergling x10  
  48  6:27  Drone x2  
  48  6:31  Overlord x2  
  50  6:44  Roach x2  
Tags
 
Add a new tag
Caveats
  • Supply blocks, unpowered buildings, or Contaminate may cause inaccurate times.
  • Supply counts are checked every 10 seconds.